[Event "ICCopen2016"]
[Site "Internet Chess Club"]
[Date "2016.06.03"]
[Round "2"]
[White "DrOussedik"]
[Black "TallTower"]
[Result "1/2-1/2"]
[ICCResult "White ran out of time and Black has no material to mate"]
[WhiteElo "1600"]
[BlackElo "1825"]
[Opening "QGD Slav defense"]
[ECO "D10"]
[NIC "SL.01"]
[Time "19:12:38"]
[TimeControl "180+0"]

1. d4 d5 2. c4 c6 3. Nc3 Nf6 4. e3 a6 5. Nf3 g6 6. Be2 Bg7 7. O-O O-O 8. h3
Bf5 9. Bd3 Bxd3 10. Qxd3 Nbd7 11. b3 e6 12. Bb2 Re8 13. Rfd1 h5 14. Rac1 Rc8
15. e4 dxe4 16. Nxe4 Nxe4 17. Qxe4 Nf6 18. Qe3 Rc7 19. Bc3 Rd7 20. Ne5 Rc7
21. Ba5 Nd7 22. Bxc7 Qxc7 23. Nf3 Rd8 24. d5 exd5 25. cxd5 Nf6 26. dxc6
Rxd1+ 27. Rxd1 Qxc6 28. Rd8+ Bf8 29. Qe7 Nh7 30. Qd7 Qc5 31. Qd5 Qc1+ 32.
Kh2 Qf4+ 33. g3 Qf6 34. Kg2 Kg7 35. h4 b5 36. Ng5 Be7 37. Nxh7 Kxh7 38. Rd7
Kg7 39. Qd4 Qxd4 40. Rxd4 Kf6 41. Rd7 Bc5 42. Rc7 Bd4 43. Rc6+ Ke5 44. Rxa6
Kd5 45. Ra8 f6 46. a4 bxa4 47. bxa4 g5 48. hxg5 fxg5 49. Rg8 g4 50. Rg5+ Kc4
51. Rxh5 Bc5 52. a5 Kb4 53. a6 Bb6 54. Rh6 Kb5 55. Rg6 Kxa6 56. Rxg4 Kb7 57.
Re4 Kc7 58. Rc4+ Kd6 59. Rc2 Kd5 60. Re2 Bd4 61. Rd2 Ke4 62. Rxd4+ Kxd4 63.
g4 Ke5 64. Kg3 Kf6 65. f3 Ke6 66. f4 Kf6 67. f5 Ke5 68. Kf3 Kf6 69. Kf4 Kf7
70. g5 Ke7 71. g6 Kd7 72. Kg5 Kd6 73. g7 Kd5 74. g8=Q+ Kd4 75. Qg7+ Kd3 76.
f6 Ke3 77. f7 Kd3 78. f8=Q Kd2 79. Qge7 Kc2
{White ran out of time and Black has no material to mate}
1/2-1/2

[Event "ICCopen2016"]
[Site "Internet Chess Club"]
[Date "2016.06.03"]
[Round "2"]
[White "Bozhenka"]
[Black "Mercury"]
[Result "1-0"]
[ICCResult "Black forfeits on time"]
[WhiteElo "3039"]
[BlackElo "2343"]
[Opening "King's Indian defense"]
[ECO "E60"]
[NIC "KI.80"]
[Time "19:12:08"]
[TimeControl "180+0"]

1. d4 Nf6 2. c4 g6 3. f3 c5 4. d5 b5 5. cxb5 Bg7 6. e4 O-O 7. Ne2 a6 8. Nec3
e6 9. d6 Qa5 10. Nd2 axb5 11. Bxb5 Ne8 12. Be2 Bxc3 13. bxc3 Qxc3 14. Rb1
Nc6 15. Bb2 Qa5 16. O-O Nxd6 17. Nb3 Qc7 18. Nxc5 Rxa2 19. Qb3 Ra5 20. Rfc1
Qa7 21. Qe3 e5 22. Kf2 Ra2 23. Ra1 Rxa1 24. Rxa1 Qb6 25. Bc3 Nd4 26. Bxd4
exd4 27. Qxd4 Nb7 28. Rc1 d6 29. Ne6 Qxd4+ 30. Nxd4 Nc5 31. Nb5 Ba6 32. Nxd6
Bxe2 33. Rxc5 Ba6 34. Rc6 Bc8 35. Rxc8 {Black forfeits on time} 1-0

[Event "ICCopen2016"]
[Site "Internet Chess Club"]
[Date "2016.06.03"]
[Round "2"]
[White "sonovkong"]
[Black "jonesey"]
[Result "0-1"]
[ICCResult "White checkmated"]
[WhiteElo "1515"]
[BlackElo "1842"]
[Opening "Ruy Lopez: exchange, Alekhine variation"]
[ECO "C68"]
[NIC "RL.08"]
[Time "19:13:13"]
[TimeControl "180+0"]

1. e4 e5 2. Nf3 Nc6 3. Bb5 a6 4. Bxc6 dxc6 5. d4 exd4 6. Qxd4 Qxd4 7. Nxd4
Bd7 8. Nb3 O-O-O 9. Nc3 Ne7 10. Be3 f5 11. f3 fxe4 12. Nxe4 Nf5 13. Bf2 Bb4+
14. c3 Be7 15. O-O-O Nd6 16. Nxd6+ cxd6 17. Rhe1 Rde8 18. Bg3 d5 19. Bf2 Bf5
20. g3 Bh3 21. f4 Bg4 22. Rd3 g5 23. Rde3 Kd7 24. Kb1 gxf4 25. gxf4 Bf5+ 26.
Ka1 Bd6 27. Rxe8 Rxe8 28. Rxe8 Kxe8 29. Be3 Kf7 30. Nd4 Kg6 31. b3 Be4 32.
Kb2 Kh5 33. f5 c5 34. Ne6 b6 35. f6 Kg6 36. h4 Kxf6 37. Ng5 h6 38. Nxe4+
dxe4 39. Bxh6 Kf5 40. Bg5 Bf4 41. Be7 e3 42. Kc2 Ke4 43. Kd1 Kd3 44. h5 e2+
45. Ke1 Bg3# {White checkmated} 0-1

[Event "ICCopen2016"]
[Site "Internet Chess Club"]
[Date "2016.06.03"]
[Round "2"]
[White "Ira57"]
[Black "TitaniumNinja01"]
[Result "1-0"]
[ICCResult "Black checkmated"]
[WhiteElo "1681"]
[BlackElo "1280"]
[Opening "Old Benoni defense"]
[ECO "B13"]
[NIC "OI.09"]
[Time "19:12:38"]
[TimeControl "180+0"]

1. d4 c5 2. e3 cxd4 3. exd4 d5 4. Nf3 Nc6 5. c3 Nf6 6. Bd3 Bg4 7. Bf4 a6 8.
Nbd2 e6 9. O-O Be7 10. a4 Rc8 11. Re1 O-O 12. h3 Bh5 13. Qb1 Bg6 14. Bxg6
fxg6 15. Qd3 Qd7 16. Ne5 Nxe5 17. Bxe5 Bd6 18. Qe2 Kh8 19. Bxd6 Qxd6 20.
Qxe6 Qxe6 21. Rxe6 Rce8 22. Rae1 Kg8 23. Kf1 Kf7 24. Rxe8 Rxe8 25. Rxe8 Nxe8
26. Ke2 Nd6 27. Kd3 Ke6 28. b3 b6 29. c4 Nf5 30. c5 bxc5 31. dxc5 Ne7 32. b4
Kd7 33. b5 axb5 34. axb5 Kc7 35. Kd4 h6 36. Nf3 Kb7 37. Ke5 Kc7 38. g4 g5
39. Nd4 Ng6+ 40. Kf5 Ne7+ 41. Ke6 Kd8 42. b6 Nc8 43. Kxd5 Kd7 44. c6+ Kd8
45. Ne6+ Ke7 46. b7 Nb6+ 47. Kc5 Nd7+ 48. cxd7 Kxd7 49. b8=Q Kxe6 50. Kd4
Ke7 51. Qe5+ Kf7 52. Qf5+ Kg8 53. Ke5 Kh8 54. Ke6 Kg8 55. Ke7 Kh8 56. Kf7 g6
57. Qxg6 h5 58. Qg7# {Black checkmated} 1-0

[Event "ICCopen2016"]
[Site "Internet Chess Club"]
[Date "2016.06.03"]
[Round "2"]
[White "luckypawns"]
[Black "DEHO"]
[Result "0-1"]
[ICCResult "White forfeits on time"]
[WhiteElo "1558"]
[BlackElo "2230"]
[Opening "Sicilian defense"]
[ECO "B20"]
[NIC "SI.48"]
[Time "19:12:28"]
[TimeControl "180+0"]

1. e4 c5 2. d3 Nc6 3. Nd2 g6 4. f4 Bg7 5. Ngf3 d6 6. Be2 e6 7. O-O Nge7 8.
Nc4 O-O 9. Qe1 b6 10. c3 Ba6 11. Ne3 f5 12. Ng5 Qd7 13. Bf3 Rae8 14. Qe2 h6
15. Nh3 d5 16. e5 d4 17. Nd1 dxc3 18. bxc3 Qxd3 19. Qxd3 Bxd3 20. Rf2 Rd8
21. Nb2 Ba6 22. Be3 Rd7 23. Raf1 Rfd8 24. Re1 Na5 25. g4 Bb7 26. Bxb7 Nxb7
27. gxf5 gxf5 28. Rg2 Kf7 29. Nc4 Nc6 30. Nf2 Bf8 31. Na3 Nca5 32. Re2 Be7
33. h3 a6 34. Rb2 b5 35. Kf1 Bh4 36. Ke2 Bxf2 37. Kxf2 Rg8 38. Rxg8 Kxg8 39.
Kg3 Rd3 40. Kf3 Rxc3 41. Nc2 Nc4 42. Rb3 Rxc2 {White forfeits on time} 0-1

[Event "ICCopen2016"]
[Site "Internet Chess Club"]
[Date "2016.06.03"]
[Round "2"]
[White "kingsac"]
[Black "josper05"]
[Result "1-0"]
[ICCResult "Black forfeits on time"]
[WhiteElo "1858"]
[BlackElo "1452"]
[Opening "Sicilian: Grand Prix attack"]
[ECO "B23"]
[NIC "SI.44"]
[Time "19:13:00"]
[TimeControl "180+0"]

1. e4 c5 2. Nc3 Nc6 3. f4 g6 4. Nf3 Bg7 5. Bb5 Nd4 6. O-O Nxb5 7. Nxb5 d6 8.
c4 Nf6 9. Nc3 O-O 10. d3 Ne8 11. Qe1 e6 12. g4 Nc7 13. g5 d5 14. e5 dxc4 15.
dxc4 a6 16. Be3 b6 17. h4 Bb7 18. Nh2 Ne8 19. Ng4 Qc7 20. Nf2 Qc6 21. Nfe4
Nc7 22. Kh2 Rfd8 23. Rd1 Rd7 24. Qg3 Rad8 25. Rxd7 Rxd7 26. h5 b5 27. cxb5
axb5 28. hxg6 hxg6 29. Nxc5 Rd5 30. Nxb7 Qxb7 31. Nxd5 Qxd5 32. Qg2 Qxa2 33.
Rc1 Nd5 34. Rc8+ Bf8 35. Bc5 Nxf4 36. Rxf8+ Kg7 37. Qf2 Nd3 38. Qf6+
{Black forfeits on time}
1-0

[Event "ICCopen2016"]
[Site "Internet Chess Club"]
[Date "2016.06.03"]
[Round "2"]
[White "ShadowLike"]
[Black "Aedes"]
[Result "0-1"]
[ICCResult "White forfeits on time"]
[WhiteElo "1972"]
[BlackElo "2514"]
[Opening "Caro-Kann: anti-anti-Caro-Kann defense"]
[ECO "B10"]
[NIC "CK.01"]
[Time "19:12:04"]
[TimeControl "180+0"]

1. e4 c6 2. c4 d5 3. cxd5 cxd5 4. exd5 Nf6 5. Bb5+ Nbd7 6. Nc3 a6 7. Qa4 g6
8. d6 exd6 9. d4 Bg7 10. Nge2 O-O 11. Bd3 b5 12. Qc2 Bb7 13. O-O Rc8 14. a3
Re8 15. Bg5 Qb6 16. Rad1 Qc6 17. f3 Qb6 18. Qd2 Ne5 19. Bxf6 Bxf6 20. Be4
Nc4 21. Qf4 Be5 22. Qg5 Bg7 23. Rb1 h6 24. Qh4 Nd2 25. Bd5 Nxb1 26. Rxb1
Bxd5 27. Nxd5 Qd8 28. Qf2 Rc2 29. Re1 Qg5 30. Ndc3 Qd2 31. h4 h5 32. Kh2
Rxb2 33. Ne4 Qd3 {White forfeits on time} 0-1

[Event "ICCopen2016"]
[Site "Internet Chess Club"]
[Date "2016.06.03"]
[Round "2"]
[White "Schack"]
[Black "lion100"]
[Result "0-1"]
[ICCResult "White resigns"]
[WhiteElo "1663"]
[BlackElo "1343"]
[Opening "QGD: semi-Slav"]
[ECO "D31"]
[NIC "SL.06"]
[Time "19:12:00"]
[TimeControl "180+0"]

1. d4 d5 2. c4 e6 3. Nc3 c6 4. Nf3 Bd6 5. e3 Nf6 6. Qc2 O-O 7. cxd5 exd5 8.
Bd3 h6 9. e4 dxe4 10. Nxe4 Nxe4 11. Bxe4 Nd7 12. O-O Nf6 13. Bd3 Nd5 14. Bd2
a5 15. Rfe1 Bb4 16. Rac1 Bg4 17. Ne5 Be6 18. a3 Be7 19. f4 Nf6 20. f5 Qxd4+
21. Kh1 Bd5 22. Bc3 Qc5 23. h3 Bd6 24. Ng4 Nxg4 25. hxg4 f6 26. Bd2 Qd4 27.
Bc4 Bxc4 28. Qxc4+ Qxc4 29. Rxc4 Be5 30. b4 axb4 31. Bxb4 Rfd8 32. Rce4 Rd3
33. Bc5 Rb8 34. Bb4 b6 35. Rxe5 fxe5 36. Rxe5 c5 37. Be1 Rxa3 38. Re6 b5 39.
Bg3 Rb7 40. Kh2 c4 41. Rc6 c3 42. Bd6 Rb3 43. Bc5 c2 44. Be3 Rb2 45. Bc1 Ra2
46. Rc5 b4 47. Rc4 b3 48. Rc8+ Kh7 49. Rc3 b2 50. Bxb2 Raxb2 51. Rc7 Rb1 52.
Rc5 c1=Q 53. Rc2 Qxc2 {White resigns} 0-1

[Event "ICCopen2016"]
[Site "Internet Chess Club"]
[Date "2016.06.03"]
[Round "2"]
[White "capablance2"]
[Black "talbagels2"]
[Result "0-1"]
[ICCResult "White forfeits on time"]
[WhiteElo "1270"]
[BlackElo "1692"]
[Opening "Sicilian"]
[ECO "B50"]
[NIC "SI.01"]
[Time "19:12:39"]
[TimeControl "180+0"]

1. e4 c5 2. Nf3 d6 3. h3 Nf6 4. Nc3 Nc6 5. Bb5 Bd7 6. d3 a6 7. Ba4 b5 8. Bb3
e6 9. a3 Be7 10. Bf4 O-O 11. O-O h6 12. e5 dxe5 13. Bxe5 Nxe5 14. Nxe5 Qc7
15. Ng4 c4 16. dxc4 bxc4 17. Ba4 Rfd8 18. Bxd7 Rxd7 19. Qf3 Rb8 20. Rab1 Rd2
21. Nxf6+ Bxf6 22. Ne4 Rxc2 23. Nxf6+ gxf6 24. Qxf6 Qc6 25. Qxh6 Qe4 26.
Qg5+ Qg6 27. Qe5 Rd8 28. b4 c3 29. a4 Qd3 30. b5 axb5 31. axb5 Rd2 32. b6 c2
33. Rbc1 Rd1 34. b7 Qxf1+ 35. Kh2 Rxc1 36. b8=Q Rxb8 37. Qxb8+ Kh7
{White forfeits on time}
0-1

[Event "ICCopen2016"]
[Site "Internet Chess Club"]
[Date "2016.06.03"]
[Round "2"]
[White "afgano45"]
[Black "carpedef"]
[Result "1-0"]
[ICCResult "Black forfeits on time"]
[WhiteElo "1670"]
[BlackElo "1827"]
[Opening "Sicilian: Kan, 5.Nc3"]
[ECO "B43"]
[NIC "SI.41"]
[Time "19:12:13"]
[TimeControl "180+0"]

1. e4 c5 2. Nf3 e6 3. d4 cxd4 4. Nxd4 a6 5. Nc3 Qc7 6. Be3 Nf6 7. Qf3 Bb4 8.
Bd2 Qe5 9. Nb3 Bxc3 10. Bxc3 Qxe4+ 11. Qxe4 Nxe4 12. Bxg7 Rg8 13. Bh6 d5 14.
Be3 Nc6 15. f3 Nd6 16. Kf2 Bd7 17. Rd1 Rc8 18. c3 Nf5 19. Bc1 Ne5 20. Nd4
Nd6 21. Be2 Nec4 22. Rhe1 Kd8 23. Bd3 Rh8 24. Nc2 Kc7 25. b3 Nb6 26. Bb2 Kb8
27. c4 Rhg8 28. cxd5 Nxd5 29. Nd4 Nc3 30. Rd2 h5 31. a3 Nd5 32. Bb1 Nf4 33.
g3 Nh3+ 34. Kg2 Ng5 35. h4 Nb5 36. hxg5 Rxg5 37. Nxb5 Bxb5 38. f4 Bc6+ 39.
Be4 Rgg8 40. Be5+ Ka8 41. Bxc6 Rxc6 42. Bf6 Rg6 43. Bh4 f6 44. Re3 a5 45.
Rde2 f5 46. Rd2 Ka7 47. Be7 Ka6 48. b4 axb4 49. axb4 Rc1 50. Re5 Rb1 51.
Rd6+ Ka7 52. Ra5+ Kb8 53. Rd2 {Black forfeits on time} 1-0

[Event "ICCopen2016"]
[Site "Internet Chess Club"]
[Date "2016.06.03"]
[Round "2"]
[White "hedgie"]
[Black "whiteshark"]
[Result "1-0"]
[ICCResult "Black forfeits on time"]
[WhiteElo "2114"]
[BlackElo "2651"]
[Opening "Benoni: fianchetto variation"]
[ECO "A64"]
[NIC "BI.24"]
[Time "19:12:43"]
[TimeControl "180+0"]

1. d4 Nf6 2. c4 c5 3. d5 e6 4. Nc3 exd5 5. cxd5 d6 6. Nf3 g6 7. g3 Bg7 8.
Bg2 O-O 9. O-O a6 10. a4 Nbd7 11. Nd2 Rb8 12. Nc4 Nb6 13. Na3 Bd7 14. a5 Nc8
15. h3 b5 16. axb6 Nxb6 17. e4 Re8 18. Re1 h5 19. Bf4 Qc7 20. Qd2 h4 21. g4
Nh7 22. f3 c4 23. Nc2 Bb5 24. Nd4 Nd7 25. Kh2 Ne5 26. Bxe5 Bxe5+ 27. f4 Bg7
28. Ncxb5 axb5 29. Nc6 Rb7 30. Ra6 Nf6 31. e5 Nd7 32. exd6 Qc8 33. Ne7+ Rxe7
34. dxe7 Nf6 35. d6 Rb8 36. g5 Qxa6 37. gxf6 Bxf6 38. e8=Q+ Rxe8 39. Rxe8+
Kg7 40. d7 b4 41. d8=Q c3 42. Rg8+ Kh7 43. bxc3 bxc3 44. Q2d6 Qd3 45. Qxd3
{Black forfeits on time}
1-0

[Event "ICCopen2016"]
[Site "Internet Chess Club"]
[Date "2016.06.03"]
[Round "2"]
[White "InigoMI"]
[Black "Bleeksk"]
[Result "1-0"]
[ICCResult "Black resigns"]
[WhiteElo "1579"]
[BlackElo "1892"]
[Opening "English: symmetrical, main line with d4"]
[ECO "A39"]
[NIC "EO.26"]
[Time "19:12:40"]
[TimeControl "180+0"]

1. c4 c5 2. Nc3 Nc6 3. g3 g6 4. Bg2 Bg7 5. Nf3 Nf6 6. O-O O-O 7. d4 cxd4 8.
Nxd4 Nxd4 9. Qxd4 Ne8 10. Qh4 Rb8 11. Bh6 b6 12. Bxg7 Nxg7 13. Rfd1 d6 14.
Qd4 Bb7 15. e4 Ne6 16. Qd2 Qc7 17. b3 Qc5 18. Nd5 Bxd5 19. exd5 Ng7 20. Rac1
Rfc8 21. Re1 Rb7 22. Rc3 b5 23. Bf1 b4 24. Rce3 Nf5 25. Re4 Rcc7 26. h4 h5
27. Kh2 a5 28. Qg5 Kg7 29. Bh3 Nd4 30. R1e3 f6 31. Qf4 Nc2 32. Re2 f5 33.
Bxf5 gxf5 34. Qg5+ Kh8 35. Qxh5+ Kg7 36. Qg5+ Kh8 37. Qh6+ Kg8 38. Qe6+ Kg7
39. Qxf5 Nd4 40. Rg4+ Kh6 41. Qg5+ {Black resigns} 1-0

[Event "ICCopen2016"]
[Site "Internet Chess Club"]
[Date "2016.06.03"]
[Round "2"]
[White "leonardoalmeida"]
[Black "airantrobo"]
[Result "1-0"]
[ICCResult "Black checkmated"]
[WhiteElo "1888"]
[BlackElo "1532"]
[Opening "English opening"]
[ECO "A13"]
[NIC "EO.64"]
[Time "19:12:22"]
[TimeControl "180+0"]

1. c4 e6 2. Nc3 f5 3. g3 Nf6 4. Bg2 c6 5. e4 fxe4 6. Nxe4 d5 7. cxd5 cxd5 8.
Nxf6+ Qxf6 9. Nf3 Bd6 10. O-O O-O 11. d4 Nc6 12. Re1 Bd7 13. a3 Rae8 14. b4
e5 15. Be3 e4 16. Ne5 Nxe5 17. dxe5 Qxe5 18. Bxa7 Qf6 19. Qxd5+ Kh8 20. Be3
Bc6 21. Qd2 Be5 22. Rab1 h5 23. b5 Rd8 24. Qe2 Be8 25. Bxe4 h4 26. Bg2 hxg3
27. hxg3 Bg6 28. Rbd1 Qf5 29. Bc5 Rfe8 30. Rxd8 Rxd8 31. Qxe5 Qd3 32. Qe7
Re8 33. Qh4+ Kg8 34. Rxe8+ Bxe8 35. Be4 Qd1+ 36. Kg2 Bh5 37. Qe7 g6 38. Qf8+
Kh7 39. Qf7+ Kh8 40. Be7 Qd7 41. Bf6# {Black checkmated} 1-0

[Event "ICCopen2016"]
[Site "Internet Chess Club"]
[Date "2016.06.03"]
[Round "2"]
[White "Kalmyk"]
[Black "Towinning"]
[Result "1-0"]
[ICCResult "Black resigns"]
[WhiteElo "3062"]
[BlackElo "2374"]
[Opening "Alekhine's defense: modern, Larsen variation"]
[ECO "B04"]
[NIC "AL.05"]
[Time "19:11:59"]
[TimeControl "180+0"]

1. e4 Nf6 2. e5 Nd5 3. d4 d6 4. Nf3 dxe5 5. Nxe5 c6 6. Bc4 Nd7 7. Nf3 N7f6
8. O-O Bf5 9. Re1 e6 10. Bb3 Bd6 11. Ne5 O-O 12. a3 h6 13. c4 Nc7 14. Nc3
Bxe5 15. dxe5 Nd7 16. Bc2 Bxc2 17. Qxc2 Qh4 18. Re4 Qh5 19. Bf4 Nc5 20. Re3
Qf5 21. Qxf5 exf5 22. Re2 Nd3 23. Be3 g5 24. h4 f4 25. Bd2 Rad8 26. Ne4 Kg7
27. hxg5 hxg5 28. Nxg5 Nxe5 29. Bc3 f6 30. Bxe5 fxe5 31. Rxe5 Kf6 32. Rae1
Rfe8 33. Nh7+ Kg7 34. Re7+ Kg6 35. Nf8+ Kf6 36. Rxe8 Nxe8 37. Ne6 Rd2 38.
Nc5 Nd6 39. b3 Nf5 40. Ne4+ Kf7 41. Nxd2 Nd4 42. Re4 Nxb3 43. Nxb3 Kf6 44.
Rxf4+ Ke5 45. Rf3 Ke4 46. Kf1 b5 47. Ke2 bxc4 48. Re3+ Kd5 49. Nd2 c3 50.
Rxc3 Kd4 51. Rd3+ Kc5 52. g4 Kb6 53. g5 c5 54. g6 c4 55. Rc3 a5 56. Rxc4 a4
57. g7 Kb5 58. g8=Q Kb6 59. Qb8+ Ka6 60. Rc6+ {Black resigns} 1-0

[Event "ICCopen2016"]
[Site "Internet Chess Club"]
[Date "2016.06.03"]
[Round "2"]
[White "BitsofKoin"]
[Black "D-Fernandez"]
[Result "0-1"]
[ICCResult "White checkmated"]
[WhiteElo "2329"]
[BlackElo "3050"]
[Opening "Old Benoni defense"]
[ECO "A46"]
[NIC "QP.06"]
[Time "19:12:35"]
[TimeControl "180+0"]

1. d4 Nf6 2. Nf3 c5 3. d5 g6 4. c4 Bg7 5. Nc3 d6 6. e4 O-O 7. h3 e6 8. Be2
exd5 9. cxd5 a6 10. a4 Re8 11. Qc2 Nbd7 12. O-O Rb8 13. Bg5 Qa5 14. Nd2 Nh5
15. Bxh5 gxh5 16. f4 h6 17. Bh4 f5 18. Nc4 Qc7 19. exf5 b5 20. axb5 axb5 21.
f6 Nxf6 22. Bxf6 bxc4 23. Bxg7 Qxg7 24. f5 Qd4+ 25. Kh1 Qd3 26. Qf2 Re3 27.
Qh4 Bxf5 28. Qxh5 Bxh3 29. Qf7+ Kh8 30. Qf6+ Kg8 31. Rg1 Bg4 32. Qxh6 Re7
33. Qg5+ Rg7 34. Qxg7+ Kxg7 35. Ra7+ Kg8 36. Re1 Qg6 37. Ree7 Rf8 38. Ne4
Bf5 39. Nf2 Bd3 40. Nh3 Be4 41. Kh2 Qxg2# {White checkmated} 0-1

[Event "ICCopen2016"]
[Site "Internet Chess Club"]
[Date "2016.06.03"]
[Round "2"]
[White "chessdad"]
[Black "playbr"]
[Result "0-1"]
[ICCResult "White checkmated"]
[WhiteElo "1225"]
[BlackElo "1674"]
[Opening "Sicilian defense"]
[ECO "B40"]
[NIC "FR.01"]
[Time "19:12:10"]
[TimeControl "180+0"]

1. e4 e6 2. Nf3 c5 3. Bc4 Nc6 4. a4 Nf6 5. d3 d5 6. exd5 exd5 7. Ba2 Be7 8.
O-O O-O 9. Nc3 Bg4 10. h3 Bh5 11. Bf4 Nd4 12. g4 Nxf3+ 13. Qxf3 Bg6 14. Nxd5
Nxd5 15. Bxd5 Qb6 16. Rab1 Rad8 17. Bxb7 Bf6 18. Be4 Rfe8 19. g5 Bd4 20.
Bxg6 hxg6 21. Be3 Qa5 22. b3 Bc3 23. Kh2 Qc7+ 24. Kh1 Qb6 25. h4 Qe6 26.
Bxc5 Rd5 27. Be3 Rf5 28. Qg2 f6 29. Rbd1 Kf7 30. d4 Rh8 31. Qg3 fxg5 32.
Qc7+ Kg8 33. Qd8+ Kh7 34. Bxg5 Qe4+ 35. Kg1 Qg4+ 36. Kh2 Rf3 37. Qxh8+ Kxh8
38. Rg1 Rh3# {White checkmated} 0-1

[Event "ICCopen2016"]
[Site "Internet Chess Club"]
[Date "2016.06.03"]
[Round "2"]
[White "Bessel"]
[Black "Rumpel"]
[Result "0-1"]
[ICCResult "White forfeits on time"]
[WhiteElo "2076"]
[BlackElo "2650"]
[Opening "Pirc defense"]
[ECO "B07"]
[NIC "PU.08"]
[Time "19:12:13"]
[TimeControl "180+0"]

1. e4 d6 2. d4 Nf6 3. f3 e5 4. dxe5 dxe5 5. Qxd8+ Kxd8 6. Be3 Be6 7. Nd2
Nbd7 8. Bc4 Bc5 9. Bxc5 Nxc5 10. b4 Bxc4 11. Nxc4 Ncd7 12. O-O-O Ke7 13. Ne2
Rhd8 14. Nc3 c6 15. Rhe1 Ne8 16. Kb2 f6 17. Ne3 Nd6 18. Rd3 Nb6 19. Kb3 g6
20. Red1 a5 21. a3 axb4 22. axb4 Nf7 23. Rxd8 Nxd8 24. Nc4 Nxc4 25. Kxc4 Ne6
26. Ne2 Ra2 27. Kb3 Ra8 28. c3 h5 29. g3 h4 30. f4 hxg3 31. hxg3 Rh8 32. f5
gxf5 33. exf5 Ng5 34. Ra1 Rh2 35. Nc1 b5 36. Ra7+ Kd6 37. Nd3 Ne4 38. Nc5
Nxc5+ 39. bxc5+ Kxc5 40. Rf7 Rg2 41. Rxf6 Rxg3 42. Re6 Re3 43. f6 b4 44. f7
Rxc3+ 45. Kb2 Rf3 46. Rxe5+ Kd6 47. Re4 Rf2+ 48. Kb3 Rxf7 49. Rxb4 Kc7 50.
Kc4 Rf3 51. Rb2 Rf4+ 52. Kc3 Rh4 53. Kc2 Rh3 54. Rb3 Rh2+ 55. Kc3 Rh1 56.
Kc4 Rh4+ 57. Kc3 Rh5 58. Kb2 Rg5 59. Rc3 Rb5+ 60. Kc2 Rd5 61. Rc4 Rb5 62.
Rc3 Rb6 63. Rxc6+ Rxc6+ 64. Kd3 Rb6 65. Ke4 Rc6 66. Ke5 Rc5+
{White forfeits on time}
0-1

[Event "ICCopen2016"]
[Site "Internet Chess Club"]
[Date "2016.06.03"]
[Round "2"]
[White "Sebs"]
[Black "fito"]
[Result "1/2-1/2"]
[ICCResult "Black ran out of time and White has no material to mate"]
[WhiteElo "2993"]
[BlackElo "2303"]
[Opening "QGD Slav: 4.Nc3"]
[ECO "D15"]
[NIC "SL.03"]
[Time "19:12:17"]
[TimeControl "180+0"]

1. d4 d5 2. c4 c6 3. Nf3 Nf6 4. Nc3 a6 5. e3 Ne4 6. Bd3 Nxc3 7. bxc3 Bg4 8.
cxd5 cxd5 9. O-O Nc6 10. Rb1 Rb8 11. e4 e6 12. Bf4 Bd6 13. exd5 Bxf4 14.
dxc6 bxc6 15. h3 Bh5 16. Qe2 O-O 17. Rxb8 Bxb8 18. Rb1 Qa5 19. g4 Bg6 20.
Bxg6 hxg6 21. Qc4 e5 22. Nxe5 Bxe5 23. dxe5 Qxe5 24. Qxc6 Rd8 25. Qxa6 Qxc3
26. Kg2 Rd2 27. Qa8+ Kh7 28. a4 Rxf2+ 29. Kxf2 Qc2+ 30. Kf3 Qxb1 31. Qa7
Qd3+ 32. Kf2 Qd2+ 33. Kg3 Qc3+ 34. Kf4 f6 35. a5 Qxh3 36. a6 Qd3 37. g5 Qf5+
38. Ke3 Qxg5+ 39. Kd3 Qg3+ 40. Kc4 Qf4+ 41. Kb5 Qe5+ 42. Qc5 Qb8+ 43. Ka5 g5
44. a7 Qb1 45. Ka6 Qa2+ 46. Qa5 Qc4+ 47. Kb7 Qd5+ 48. Kb8 Qxa5 49. Kb7 Qxa7+
50. Kxa7 g4 51. Kb6 g3 52. Kc5 g2 53. Kc6 g1=Q 54. Kd7 Qe1 55. Kd6 f5 56.
Kc6 f4 57. Kd7 f3 58. Kc6 f2 59. Kd5 f1=Q 60. Kd4 Qd3+ 61. Kc5 Qc1+ 62. Kb4
Qdb1+ 63. Ka4 {Black ran out of time and White has no material to mate}
1/2-1/2

[Event "ICCopen2016"]
[Site "Internet Chess Club"]
[Date "2016.06.03"]
[Round "2"]
[White "aplusk"]
[Black "carpenter"]
[Result "1/2-1/2"]
[ICCResult "Game drawn because neither player has mating material"]
[WhiteElo "2835"]
[BlackElo "2193"]
[Opening "English: four knights, kingside fianchetto"]
[ECO "A29"]
[NIC "EO.03"]
[Time "19:12:52"]
[TimeControl "180+0"]

1. c4 e5 2. Nc3 Nf6 3. Nf3 Nc6 4. g3 d5 5. cxd5 Nxd5 6. Bg2 Be6 7. O-O Qd7
8. Ng5 Nxc3 9. bxc3 Bd5 10. Bxd5 Qxd5 11. Qb3 Qxb3 12. axb3 f6 13. Nh3 h5
14. f4 h4 15. Kg2 Bd6 16. f5 Kf7 17. e4 hxg3 18. hxg3 Rh5 19. Nf2 Rah8 20.
Rh1 Rxh1 21. Nxh1 Bc5 22. b4 Bb6 23. Bb2 a6 24. Rd1 g6 25. fxg6+ Kxg6 26. d3
Rd8 27. Nf2 Bxf2 28. Kxf2 Rh8 29. Kg2 f5 30. Bc1 fxe4 31. dxe4 Rd8 32. Rd5
Rxd5 33. exd5 Ne7 34. c4 b5 35. Kf3 bxc4 36. Ke4 Kf6 37. g4 Ng6 38. g5+ Ke7
39. Kf5 Kf7 40. Bb2 Kg7 41. Ke6 Kf8 42. Kf6 Nf4 43. Bxe5 Nxd5+ 44. Ke6 Nxb4
45. Bxc7 Kg8 46. Ba5 Na2 47. Kd5 c3 48. Kc5 c2 49. Bd2 Nc3 50. Kb6 Ne2 51.
Kxa6 Kg7 52. Kb5 Kg6 53. Kc4 c1=Q+ 54. Bxc1 Nxc1 55. Kc3 Kxg5
{Game drawn because neither player has mating material}
1/2-1/2

[Event "ICCopen2016"]
[Site "Internet Chess Club"]
[Date "2016.06.03"]
[Round "2"]
[White "flinkfinger"]
[Black "Maxbet"]
[Result "0-1"]
[ICCResult "White forfeits on time"]
[WhiteElo "2259"]
[BlackElo "2956"]
[Opening "Réti opening"]
[ECO "A11"]
[NIC "RE.07"]
[Time "19:12:51"]
[TimeControl "180+0"]

1. Nf3 d5 2. c4 c6 3. g3 Bg4 4. Bg2 e6 5. cxd5 exd5 6. O-O Nd7 7. d3 Ngf6 8.
Nc3 Bc5 9. Bf4 O-O 10. Rc1 Re8 11. h3 Bh5 12. Qc2 Qe7 13. Rfe1 Bg6 14. Nh4
Nh5 15. Nxg6 hxg6 16. Qd2 Nxf4 17. Qxf4 Nf6 18. d4 Bd6 19. Qd2 Bb4 20. a3
Ba5 21. b4 Bb6 22. Na4 Ne4 23. Bxe4 Qxe4 24. Nc5 Bxc5 25. Rxc5 a6 26. a4 Qf5
27. Kg2 Re4 28. e3 Re6 29. b5 cxb5 30. axb5 a5 31. Qa2 Rd6 32. Rec1 g5 33.
Qc2 Qe6 34. Rc8+ Rd8 35. Rc7 a4 36. Rxb7 a3 37. Ra1 Rdc8 38. Qb3 Qf5 39. Ra2
Rc1 40. Kh2 Qe4 {White forfeits on time} 0-1

[Event "ICCopen2016"]
[Site "Internet Chess Club"]
[Date "2016.06.03"]
[Round "2"]
[White "PaYbAcK"]
[Black "eltigrecu"]
[Result "1-0"]
[ICCResult "Black resigns"]
[WhiteElo "2716"]
[BlackElo "2080"]
[Opening "QGD Slav: Krause attack"]
[ECO "D17"]
[NIC "SL.04"]
[Time "19:12:48"]
[TimeControl "180+0"]

1. d4 d5 2. Nf3 c6 3. c4 Nf6 4. Nc3 dxc4 5. a4 Bf5 6. Ne5 Nbd7 7. Nxc4 e6 8.
f3 Bb4 9. e4 Bxe4 10. fxe4 Nxe4 11. Qf3 Ndf6 12. Qd3 c5 13. Nd2 Qxd4 14.
Ncxe4 Nxe4 15. Qxd4 cxd4 16. Bb5+ Ke7 17. Ke2 Nd6 18. Nf3 f6 19. Nxd4 e5 20.
Nc2 Bc5 21. Be3 Bxe3 22. Nxe3 Rac8 23. Rac1 Rhd8 24. Nd5+ Ke6 25. Nc7+ Ke7
26. Rhd1 Nxb5 27. Nxb5 a6 28. Nc3 Rxd1 29. Rxd1 Rc4 30. Rd5 Rb4 31. Rd2 Rg4
32. Ke3 Ke6 33. g3 h5 34. Nd5 Rxa4 35. Nc7+ Kf5 36. Ne8 Re4+ 37. Kf3 Rg4 38.
Nd6+ Ke6 39. Nxb7 Rb4 40. Nc5+ Kf5 41. Nxa6 Rb3+ 42. Ke2 g5 43. Nc5 Rb5 44.
Rc2 Kg4 45. Kd3 f5 46. Kc4 Rb8 47. b4 e4 48. b5 f4 49. Nxe4 Rc8+ 50. Kb3 Rb8
51. Kb4 fxg3 52. hxg3 Kf3 53. Nxg5+ Kxg3 54. Ka5 h4 55. b6 h3 56. Rc3+ Kg4
57. Nxh3 Ra8+ 58. Kb5 Ra1 59. b7 Rb1+ 60. Ka6 Ra1+ 61. Kb6 Rb1+ 62. Kc7
{Black resigns}
1-0